 Dungeon Crawl Stone Soup version 0.26-a0-466-g989023bd0d (webtiles) character file.

Game seed: 17490334408351262611

184 Inarius the Skirmisher (level 5, -20/35 HPs)
             Began as a Kobold Wanderer on Aug 14, 2020.
             Demolished by a goblin
             ... wielding a +1 dagger of distortion
              (22 damage)
             ... on level 3 of the Dungeon.
             The game lasted 00:03:43 (4290 turns).

Inarius the Skirmisher (Kobold Wanderer)            Turns: 4290, Time: 00:03:44

Health: -20/35     AC:  3    Str: 10    XL:     5   Next: 95%
Magic:  5/5        EV: 14    Int: 11    God:
Gold:   74         SH:  0    Dex: 17    Spells: 4/4 levels left

rFire    . . .     SeeInvis .   a - +0 dagger
rCold    . . .     Faith    .   (shield restricted)
rNeg     . . .     Spirit   .   e - +0 leather armour
rPois    .         Reflect  .   (no helmet)
rElec    .         Harm     .   (no cloak)
rCorr    .                      (no gloves)
MR       .....                  (no boots)
Stlth    +++.......             (no amulet)
HPRegen  0.11/turn              (no ring)
MPRegen  0.09/turn              (no ring)

@: no status effects
A: small, nightstalker 3
a: no special abilities


You were on level 3 of the Dungeon.
You visited 1 branch of the dungeon, and saw 5 of its levels.

You collected 74 gold pieces.

Inventory:

Hand Weapons
 a - a +0 dagger (weapon)
Missiles
 b - 2 throwing nets (quivered)
Armour
 c - a +0 ring mail
 e - a +0 leather armour (worn)
Scrolls
 d - a scroll of teleportation
 f - a scroll of remove curse
 g - 2 scrolls of amnesia
 h - 2 scrolls of identify
 k - a scroll of enchant armour {unknown}
 l - a scroll of noise {unknown}
 o - a scroll of fog {unknown}
Potions
 i - 2 potions of curing
 j - a potion of ambrosia
 m - 2 potions of heal wounds


   Skills:
 + Level 5.1 Fighting
 * Level 4.7 Short Blades
 + Level 2.0 Armour
 + Level 1.7 Dodging
 + Level 3.9 Stealth
   Level 1.0 Shields


You had 4 spell levels left.
You didn't know any spells.
Your spell library was empty.

Dungeon Overview and Level Annotations

Branches:
Dungeon (5/15)
 Temple: D:4-7

Altars:


Innate Abilities, Weirdness & Mutations

You are small and have problems with some larger weapons.
You are completely attuned to the shadows.


Message History

The goblin barely misses you.
You closely miss the goblin.
The goblin is moderately wounded.
The kobold struggles against the net.
The goblin hits you but does no damage. Space bends around you.
* * * LOW HITPOINT WARNING * * *
You closely miss the goblin.
The goblin is moderately wounded.
The kobold struggles against the net.
The net rips apart, and the kobold comes free!
The goblin hits you with a +1 dagger of distortion.
* * * LOW HITPOINT WARNING * * *
Space bends around you.
* * * LOW HITPOINT WARNING * * *
There is a stone staircase leading up here.
The goblin hits you with a +1 dagger of distortion.
* * * LOW HITPOINT WARNING * * *
Space warps horribly around you!!
Ouch! That really hurt!
You die...

##...# #.# #.#
#.# #.#
###K####
########...g..#
....>.......@.#
########......#
########


You could see a goblin and a kobold.

Vanquished Creatures
  An ogre (D:5)
  4 adders (D:2)
  A white imp (D:5)
  2 worms
  2 dart slugs
  A leopard gecko (D:2)
  An orc (D:4)
  4 bats
  6 goblins
  4 hobgoblins
  6 jackals
  2 quokkas (D:2)
  2 frilled lizards (D:2)
  5 kobolds
  7 rats
48 creatures vanquished.

Notes
Turn   | Place    | Note
-------+----------+-------------------------------------------
     0 | D:1      | Inarius the Kobold Wanderer began the quest for the Orb.
     0 | D:1      | Inarius set off with the following items: a +0 dagger, 3
                  | throwing nets, a +0 ring mail, a scroll of teleportation, a
                  | +0 leather armour
     0 | D:1      | Reached XP level 1. HP: 16/16 MP: 1/1
   212 | D:1      | Reached XP level 2. HP: 13/20 MP: 2/2
   555 | D:1      | Reached skill level 1 in Short Blades
   991 | D:1      | HP: 1/20 [jackal (2)]
  1276 | D:2      | Reached XP level 3. HP: 10/25 MP: 3/3
  2348 | D:2      | Reached skill level 5 in Fighting
  2368 | D:2      | Reached XP level 4. HP: 24/31 MP: 4/4
  3711 | D:3      | You fall into a shaft and drop 2 floors!
  3711 | D:5      | Entered Level 5 of the Dungeon
  3723 | D:5      | Noticed an ogre
  3731 | D:5      | Killed an ogre
  3731 | D:5      | Reached XP level 5. HP: 35/35 MP: 5/5
  4234 | D:4      | Got a heavy robe
  4254 | D:3      | Identified the cursed +0 robe of Ciuklius {Harm +Fly Int+3
                  | Stlth-} (You found it on level 4 of the Dungeon)
  4290 | D:3      | Demolished by a goblin

Illustrated notes

Levels and vault maps discovered:
D:1:      evilmike_arrival_plus, layout_basic, nrook_mini_vaults
D:2:      layout_basic, minmay_pentomino_o2
D:3:      layout_rooms, grunt_temple_overflow_open, uniq_robin, uniq_ijyb,
          uniq_crazy_yiuf_cottage
D:4:      layout_cave_pools, tgw_trog, uniq_menkaure
D:5:      layout_gridville, nicolae_gozag_seed_capital, uniq_edmund,
          uniq_prince_ribbit1

Skill      XL: |  1  2  3  4 |
---------------+-------------+-----
Short Blades   | 1 2 4 |  4.7
Stealth        | 3 |  3.9
Fighting       | 5 |  5.1
Armour         | 2 |  2.0
Dodging        | |  1.7
Shields        | |  1.0

Action                   |  1- 3 |  4- 6 || total
-------------------------+-------+-------++-------
Melee: Dagger            |   192 |   161 ||   353
Throw: Throwing net      |       |     1 ||     1
  Use: Potion            |     1 |     1 ||     2
       Scroll            |       |     5 ||     5
 Stab: Sleeping          |     8 |     6 ||    14
       Distracted        |     1 |     1 ||     2
Armor: Leather armour    |    36 |    24 ||    60
Dodge: Dodged            |   147 |    96 ||   243

Table legend: (Time is in decaauts)
 A = Elapsed time spent in this place.
 B = Non-inter-level travel time spent in this place.
 C = Inter-level travel time spent in this place.
 D = Time resting spent in this place.
 E = Time spent auto-exploring this place.
 F = Levels seen in this place.
 G = Mean time per level.
                   A        B        C        D        E       F      G
               +--------+--------+--------+--------+--------+-----+--------+
         Total |   4243 |   4202 |     41 |   2093 |   1448 |   5 |  848.6 |
       Dungeon |   4243 |   4202 |     41 |   2093 |   1448 |   5 |  848.6 |
               +--------+--------+--------+--------+--------+-----+--------+

Top non-repeatable levels by time:
     D:2: 2470 daAuts
     D:1: 1203 daAuts
     D:4: 460 daAuts
     D:3: 57 daAuts
     D:5: 51 daAuts
